 Dungeon Crawl Stone Soup version 0.21.1 (webtiles) character file.

422810 donger the Slayer (level 22, -4/220 HPs)
             Began as a Minotaur Berserker on Feb 2, 2018.
             Was a High Priest of Trog.
             Killed from afar by a tengu reaver (50 damage)
             ... with a bolt of lightning
             ... on level 5 of the Vaults on Feb 3, 2018.
             The game lasted 06:37:59 (55880 turns).

donger the Slayer (Minotaur Berserker)             Turns: 55880, Time: 06:38:00

Health: -4/220     AC: 50    Str: 34    XL:     22   Next: 37%
Magic:  38/38      EV: 17    Int: 11    God:    Trog [*****.]
Gold:   4821       SH:  0    Dex: 12    Spells: 21/21 levels left

rFire    + . .     SeeInvis .   S - +8 executioner's axe (chop)
rCold    + . .     Gourm    +   (shield currently unavailable)
rNeg     . . .     Faith    .   L - +10 gold dragon scales
rPois    +         Spirit   .   E - +3 hat of Pondering {ponderous, MR+ MP+10 Int+5}
rElec    .         Reflect  .   W - +0 cloak
rCorr    .         Harm     .   H - +1 pair of gloves
MR       ++...                  m - +2 pair of boots of Untruth {Int+2}
Stlth    ..........             g - amulet of the gourmand
HPRegen  0.46/turn              U - +5 ring of protection
MPRegen  0.26/turn              X - +4 ring of strength

@: drained, slow
A: retaliatory headbutt, horns 2
}: 3/15 runes: barnacled, silver, gossamer
a: Berserk, Trog's Hand, Brothers in Arms, Burn Spellbooks, Renounce Religion


You were on level 5 of the Vaults.
You worshipped Trog.
Trog was extremely pleased with you.
You were not hungry.

You visited 6 branches of the dungeon, and saw 36 of its levels.
You also visited: Labyrinth, Ossuary and Volcano.

You collected 4821 gold pieces.

Inventory:

Hand Weapons
 w - a +6 antimagic battleaxe
 F - a +4 war axe of flaming
 I - the +1 war axe "Emeroffae" {speed, rF+}
   (Trog gifted it to you on level 3 of the Lair of Beasts)

   Attacks with this weapon are significantly faster.
   It protects you from fire.
 S - a +8 executioner's axe of chopping (weapon)
Armour
 a - a +0 shield
 e - a +0 plate armour of fire resistance
 m - the +2 pair of boots of Untruth (worn) {Int+2}
   (You acquired it on level 11 of the Dungeon)

   It affects your intelligence (+2).
 E - the +3 hat of Pondering (worn) {ponderous, MR+ MP+10 Int+5}
   (You took it off Gastronok on level 2 of the Lair of Beasts)

   It affects your intelligence (+5).
   It affects your resistance to hostile enchantments.
   It affects your magic capacity (+10).
 H - a +1 pair of gloves (worn)
 K - the +8 fire dragon scales of Card Tricks {rF++ rC- rN+ rCorr}
   (You took it off a minotaur in a labyrinth)

   It greatly protects you from fire.
   It makes you vulnerable to cold.
   It protects you from negative energy.
   It protects you from acid and corrosion.
 L - +10 gold dragon scales (worn)
 V - +0 ice dragon scales
 W - a +0 cloak (worn)
Jewellery
 b - an uncursed ring of flight
 g - an amulet of the gourmand (around neck)
 p - an uncursed ring of see invisible
 t - an uncursed amulet of magic regeneration {unknown}
 P - an uncursed ring of poison resistance
 R - an uncursed ring of positive energy
 U - a +5 ring of protection (left hand)
 X - a +4 ring of strength (right hand)
 Z - an uncursed ring of protection from magic
Wands
 x - a wand of digging (46)
 B - a wand of paralysis (38)
 D - a wand of iceblast (9)
 G - a wand of enslavement (15)
 J - a wand of disintegration (9)
 O - a wand of flame (38)
Scrolls
 d - 13 scrolls of remove curse
 i - 4 scrolls of magic mapping
 k - 20 scrolls of identify
 l - 19 scrolls of teleportation
 r - 4 scrolls of blinking
 s - a scroll of holy word
 M - 11 scrolls of fear
 N - 2 scrolls of summoning
 Y - 4 scrolls of fog
Potions
 f - 18 potions of curing
 h - 6 potions of heal wounds
 n - 7 potions of flight
 q - 5 potions of agility
 u - 4 potions of invisibility
 v - 8 potions of might
 y - 5 potions of ambrosia
 z - 10 potions of mutation
 A - 3 potions of cancellation
 C - 2 potions of haste
 Q - 3 potions of resistance
Books
 j - a book of the Tempests

   Spells                             Type                      Level
   a - Static Discharge               Conjuration/Air              3
   b - Lightning Bolt                 Conjuration/Air              5
   c - Ignition                       Fire                         8
   d - Tornado                        Air                          9
   e - Shatter                        Earth                        9
   Trog disapproves of the use of such an item.
 o - a book of the Sky

   Spells                             Type                      Level
   a - Summon Lightning Spire         Summoning/Air                4
   b - Silence                        Hexes/Air                    5
   c - Deflect Missiles               Charms/Air                   6
   d - Conjure Ball Lightning         Conjuration/Air              6
   e - Tornado                        Air                          9
   Trog disapproves of the use of such an item.
 T - a book of Alchemy

   Spells                             Type                      Level
   a - Sublimation of Blood           Necromancy                   2
   b - Ignite Poison                  Fire/Transmutation/Poison    3
   c - Petrify                        Transmutation/Earth          4
   d - Alistair's Intoxication        Transmutation/Poison         5
   e - Irradiate                      Conjuration/Transmutation    5
   Trog disapproves of the use of such an item.
Comestibles
 c - 60 rations


   Skills:
 + Level 23.2(22.9) Fighting
 * Level 19.5(19.2) Axes
 + Level 21.2(21.0) Armour
 + Level 19.8(19.6) Dodging
 - Level 15.0(14.7) Shields
 - Level 10.0(9.8) Evocations


You had 21 spell levels left.
You didn't know any spells.

Dungeon Overview and Level Annotations

Branches:
Dungeon (15/15)            Temple (0/1) D:4            Lair (6/6) D:10
 Shoals (4/4) Lair:3       Spider (4/4) Lair:2        Slime (0/5) Lair:6
    Orc (2/2) D:11            Elf (0/3) Orc:2        Vaults (5/5) D:13
  Crypt (0/3) Vaults:2     Depths (0/5) D:15

Altars:
Cheibriados
Dithmenos
Elyvilon
Fedhas
Hepliaklqana
Kikubaaqudgha
Makhleb
Nemelex Xobeh
Okawaru
Ru
Sif Muna
Trog
Uskayaw
Vehumet
Wu Jian
Xom
Beogh

Shops:
D:15 :   Orc:2 :(!!

Annotations:
Lair:4 exclusion: 4 oklob plants


Innate Abilities, Weirdness & Mutations

You reflexively headbutt those who attack you in melee.
You have a pair of horns on your head.


Message History

The tengu reaver points at you and mumbles some strange words.
The bolt of lightning hits you!
The battlesphere fires!
The barrage of energy hits you! The tengu reaver casts a spell at you.
The bolt of lightning misses you.
The battlesphere fires!
The barrage of energy hits you!
* * * LOW HITPOINT WARNING * * *
The tengu reaver gestures at you while chanting.
The bolt of lightning misses you.
The battlesphere fires!
The barrage of energy hits you!
* * * LOW HITPOINT WARNING * * *
The tengu reaver points at you and mumbles some strange words.
The bolt of lightning misses you.
The battlesphere fires!
The barrage of energy hits you!
There is an escape hatch in the ceiling here.
There is a stone staircase leading up, spattered with blood here.
You see here a bolt.
The tengu reaver points at you and mumbles some strange words.
The bolt of lightning hits you!
You die...

#.... #....# .##
#....#....# ..##
#...#....# #....
#..#....##....
..##..#(...#..#
.....((...((.(#
########..[[[)..#######
..........)<<))(.(.....
..........@[)<(........
.........[.<<[(((......
........((.......(.....
########(.*.(...#######
#####'..(........# #
###....###.#....#...# #
#........#'#Q...##....
## ##.........##....#
#.... [#
#).........##....# ....


You could see a tengu reaver and a battlesphere.

Vanquished Creatures
  Bai Suzhen (Spider:3)
  3 golden dragons
  The ghost of TheWayOfAllFlesh the Bludgeoner, an adept GnWn of Okawaru (Vaults:5)
  A tentacled monstrosity (Vaults:4)
  Jorgrun (Vaults:2)
  3 liches
  The ghost of Schimscham the Slayer, an adept MiBe of Trog (Spider:3)
  A titan (Vaults:5)
  A quicksilver dragon (Vaults:5)
  A kraken (Shoals:2)
  5 sphinxes
  A storm dragon (Vaults:5)
  Gastronok (Lair:2)
  Kirke (Lair:5)
  The ghost of Peloso the Peltast, an adept MiFi of Okawaru (Shoals:2)
  3 tengu reavers
  Ilsuiw (Shoals:3)
  4 shadow dragons
  2 fire giants (Vaults:4)
  4 deep elf sorcerers (Vaults:5)
  3 frost giants
  7 ghost moths
  15 vault wardens
  5 deep elf elementalists (Vaults:5)
  Aizul (Shoals:1)
  6 emperor scorpions
  22 ironheart preservers
  A ghoul (Vaults:2)
  13 very ugly things
  11 stone giants
  2 war gargoyles (Vaults:5)
  5 entropy weavers
  A juggernaut skeleton (D:15)
  2 vampire knights (Vaults:2)
  3 deep elf demonologists
  3 deep elf annihilators
  2 spark wasps (Spider:4)
  Snorg (Lair:3)
  10 merfolk javelineers (Shoals:4)
  5 ettins
  A crystal guardian (Vaults:2)
  A minotaur (Lab)
  Josephine (Shoals:1)
  4 deep elf death magi
  3 rakshasas
  14 merfolk impalers
  8 yaktaur captains
  2 great orbs of eyes
  3 fire dragons
  Erolcha (Orc:2)
  4 ice dragons
  2 alligator snapping turtles
  31 vault guards
  8 hydras
  2 catoblepae (Lair:6)
  7 centaur warriors
  12 ogre magi
  3 merfolk avatars
  8 merfolk aquamancers
  A dancing weapon (Vaults:5)
  A death knight (Vaults:5)
  A deep troll earth mage (Vaults:4)
  8 death yaks (Lair:6)
  28 two-headed ogres
  5 satyrs
  3 tengu warriors
  An orc high priest (Orc:2)
  8 deep elf knights
  Sonja (Lair:3)
  Urug (D:13)
  Nergalle (Orc:2)
  A storm dragon skeleton (Vaults:3)
  2 shadow wraiths
  A fire crab (Lair:6)
  6 skeletal warriors
  A glowing orange brain (Vaults:4)
  2 flayed ghosts (Vaults:3)
  2 unseen horrors
  10 sea snakes
  5 wizards
  A swamp dragon (Lair:6)
  12 deep trolls
  A golden dragon skeleton (Vaults:4)
  A wolf spider zombie (D:14)
  A tengu zombie (D:15)
  3 deep elf archers
  14 harpies
  30 ugly things
  3 necromancers
  17 ironbrand convokers
  A tengu skeleton (Vaults:4)
  5 phantasmal warriors
  A lindwurm (Lair:6)
  A frost giant zombie (Vaults:3)
  A mana viper (shapeshifter) (Vaults:5)
  An orb spider (shapeshifter) (Vaults:3)
  12 orc sorcerers
  9 orc knights
  17 fauns
  23 deep elf magi
  12 manticores
  16 orb spiders
  12 cyclopes
  A salamander (shapeshifter) (Vaults:3)
  30 wolf spiders
  10 merfolk sirens
  2 moths of wrath (Spider:4)
  A frost giant skeleton (D:15)
  6 black mambas
  17 elephants
  An elephant (shapeshifter) (Vaults:5)
  6 water nymphs
  18 vault sentinels
  3 torpor snails
  2 gargoyles
  A yaktaur zombie (D:15)
  2 kobold demonologists
  11 spiny frogs
  3 freezing wraiths (Vaults:1)
  40 yaktaurs
  2 efreet
  7 rime drakes
  8 komodo dragons
  A queen bee (shapeshifter) (Vaults:4)
  13 demonic crawlers
  A meliai (shapeshifter) (Vaults:4)
  7 wind drakes
  8 trolls
  29 merfolk
  7 polar bears
  A tengu simulacrum (Vaults:3)
  A raiju (shapeshifter) (Vaults:4)
  19 jumping spiders
  12 hornets
  16 blink frogs
  7 slime creatures
  A blink frog (shapeshifter) (D:13)
  10 dream sheep
  A minotaur skeleton (Lab)
  14 hippogriffs
  An ettin zombie (Vaults:3)
  The ghost of Fascinator the Skirmisher, an amateur GrFi of Zin (D:4)
  2 hippogriffs (shapeshifter)
  2 human simulacra (Vaults:1)
  8 snapping turtles
  61 redbacks
  A shadow (D:12)
  3 wyverns
  18 water elementals
  16 humans (D:13)
  7 wraiths
  20 tarantellas
  35 yaks
  4 hogs (Lair:5)
  2 steam dragons
  7 basilisks
  3 hungry ghosts
  2 humans (shapeshifter)
  The ghost of khargal the Changer, an amateur DrTm (D:3)
  A vampire mosquito (D:13)
  21 wargs
  Menkaure (D:6)
  5 acid dragons
  7 water moccasins
  7 porcupines
  A soldier ant (D:13)
  A deep troll skeleton (Vaults:3)
  3 sky beasts
  An eye of draining (D:13)
  2 swamp drakes (Lair:6)
  7 ice beasts
  5 black bears
  An eye of draining (shapeshifter) (Vaults:3)
  30 orc warriors
  5 phantoms
  31 ogres
  5 boggarts (Vaults:2)
  2 necrophages
  9 wolves
  18 centaurs
  3 crocodiles
  A big kobold (D:10)
  A crocodile (shapeshifter) (Vaults:1)
  17 bullfrogs
  2 glowing shapeshifter simulacra (Vaults:4)
  2 wyvern zombies
  A wyvern skeleton (D:8)
  37 killer bees
  2 scorpions
  5 wights (D:8)
  5 electric eels
  2 howler monkeys
  8 crimson imps
  A bullfrog zombie (D:7)
  4 centaur zombies
  7 hounds
  9 jellies
  A gnoll shaman (D:8)
  39 orc wizards
  23 orc priests
  A bullfrog skeleton (D:9)
  Ijyb (D:5)
  A centaur skeleton (D:8)
  4 iguanas
  11 worker ants
  2 hound zombies
  3 mummies (Ossuary)
  3 gnolls (D:8)
  A howler monkey skeleton (D:10)
  13 adders
  5 shadow imps
  An ooze (D:1)
  An adder skeleton (D:4)
  2 worms
  3 dart slugs (D:1)
  6 leopard geckos
  142 orcs
  A ball python (D:3)
  2 giant cockroaches
  8 goblins
  4 hobgoblins
  5 jackals
  4 quokkas
  8 bats
  7 frilled lizards
  2 goblin zombies (Ossuary)
  4 hobgoblin zombies (Ossuary)
  A jackal zombie (D:6)
  10 kobolds
  5 kobold zombies (Ossuary)
  A quokka skeleton (D:7)
  4 rats
  4 fungi
  15 plants
  2 tentacles (Shoals:2)
1686 creatures vanquished.

Vanquished Creatures (collateral kills)
  An orc warlord (Orc:2)
  An orc sorcerer (Orc:2)
  4 orc warriors (Orc:1)
  2 orc priests (Orc:1)
  3 orc wizards (Orc:1)
  7 orcs
18 creatures vanquished.

Vanquished Creatures (others)
  A very ugly thing (Vaults:5)
  An ironbrand convoker (Vaults:4)
  An orb spider (Spider:1)
  A wolf spider (Spider:4)
  A torpor snail (Spider:4)
  A komodo dragon (shapeshifter) (Vaults:5)
  A dream sheep (Shoals:2)
  A redback (Spider:1)
  An orc wizard (Orc:2)
  An orc (Vaults:5)
  16 fungi
  39 plants
  14 tentacles (Shoals:2)
79 creatures vanquished.

Grand Total: 1783 creatures vanquished

Notes
Turn   | Place    | Note
-------+----------+-------------------------------------------
     0 | D:1      | donger the Minotaur Berserker began the quest for the Orb.
     0 | D:1      | Reached XP level 1. HP: 19/19 MP: 0/0
    39 | D:1      | Reached XP level 2. HP: 26/27 MP: 1/1
    48 | D:1      | Reached skill level 4 in Fighting
   739 | D:2      | Reached XP level 3. HP: 24/33 MP: 2/2
   870 | D:2      | Reached ** piety under Trog
  1140 | D:2      | Found a snail-covered altar of Cheibriados.
  1601 | D:3      | Reached XP level 4. HP: 40/41 MP: 3/3
  1603 | D:3      | Noticed khargal's ghost (amateur DrTm)
  1616 | D:3      | Killed khargal's ghost
  1616 | D:3      | Reached skill level 5 in Fighting
  1616 | D:3      | Reached XP level 5. HP: 37/48 MP: 4/4
  1918 | D:3      | Found a hazy altar of Hepliaklqana.
  1954 | D:3      | Noticed a hand axe
  1955 | D:3      | Noticed a dagger
  1957 | D:3      | Found a hide-covered altar of Uskayaw.
  1975 | D:3      | Found a shimmering altar of Xom.
  2504 | D:4      | Found a staircase to the Ecumenical Temple.
  2512 | D:4      | Found a white marble altar of Elyvilon.
  2521 | D:4      | Noticed an ogre
  2530 | D:4      | Killed an ogre
  2530 | D:4      | Reached skill level 6 in Fighting
  2530 | D:4      | Reached skill level 5 in Axes
  2530 | D:4      | Reached XP level 6. HP: 57/57 MP: 5/5
  2793 | D:4      | Found a sand-covered staircase.
  2826 | D:4      | Noticed Fascinator's ghost (amateur GrFi)
  2839 | D:4      | Killed Fascinator's ghost
  2839 | D:4      | Reached XP level 7. HP: 47/64 MP: 6/6
  2955 | Ossuary  | Entered an ossuary
  2955 | Ossuary  | Noticed a wraith
  2955 | Ossuary  | Noticed a wraith
  2955 | Ossuary  | Noticed a wraith
  3316 | Ossuary  | Noticed a wraith
  3329 | Ossuary  | Killed a wraith
  3329 | Ossuary  | Reached skill level 7 in Fighting
  3647 | D:4      | Found an iron altar of Okawaru.
  3659 | D:4      | Found an ornate altar of the Wu Jian Council.
  3779 | D:4      | Found a shadowy altar of Dithmenos.
  4065 | D:5      | Entered Level 5 of the Dungeon
  4125 | D:5      | Reached skill level 5 in Armour
  4198 | D:5      | Noticed Ijyb
  4206 | D:5      | Killed Ijyb
  4206 | D:5      | Reached skill level 1 in Shields
  4315 | D:5      | Found a bloodstained altar of Trog.
  4432 | D:5      | Reached XP level 8. HP: 67/74 MP: 7/7
  4545 | D:5      | Reached *** piety under Trog
  4551 | D:5      | Reached skill level 8 in Fighting
  4551 | D:5      | Reached skill level 5 in Dodging
  5006 | D:6      | Noticed Menkaure
  5013 | D:6      | Killed Menkaure
  5237 | D:7      | Found a blossoming altar of Fedhas.
  5303 | D:7      | Noticed a hippogriff
  5303 | D:7      | Noticed a hornet
  5686 | D:7      | Killed a hornet
  5686 | D:7      | Reached skill level 9 in Fighting
  5693 | D:7      | Reached XP level 9. HP: 83/83 MP: 8/8
  6184 | D:7      | Reached **** piety under Trog
  6344 | D:7      | Reached skill level 10 in Fighting
  6494 | D:8      | Reached skill level 5 in Shields
  6683 | D:8      | Found a burning altar of Makhleb.
  6683 | D:8      | Found a sparkling altar of Nemelex Xobeh.
  6732 | D:8      | Noticed a two-headed ogre
  6745 | D:8      | Killed a two-headed ogre
  6745 | D:8      | Reached XP level 10. HP: 38/94 MP: 9/9
  6748 | D:8      | Reached skill level 11 in Fighting
  7040 | D:8      | Found a white marble altar of Elyvilon.
  7794 | D:9      | Found a deep blue altar of Sif Muna.
  7895 | D:9      | Reached ***** piety under Trog
  8203 | D:10     | Entered Level 10 of the Dungeon
  8214 | D:10     | Reached skill level 12 in Fighting
  8344 | D:10     | Killed an unseen horror
  8423 | D:10     | Found a staircase to the Lair.
  8428 | Lair:1   | Entered Level 1 of the Lair of Beasts
  8445 | Lair:1   | Noticed a spiny frog
  8452 | Lair:1   | Killed a spiny frog
  8459 | Lair:1   | Reached XP level 11. HP: 95/105 MP: 10/10
  9108 | Lair:1   | Found a dark tunnel.
  9115 | Volcano  | Entered a volcano
  9830 | Lair:2   | Noticed Gastronok
  9851 | Lair:2   | Reached skill level 13 in Fighting
  9892 | Lair:2   | Killed Gastronok
  9892 | Lair:2   | Reached skill level 10 in Axes
 10219 | Lair:2   | Noticed a wolf spider
 10234 | Lair:2   | Killed a wolf spider
 10603 | Lair:2   | Identified Gakk's Reference Book on Blistering Intoxication
 10876 | Lair:2   | Found a hole to the Spider Nest.
 11425 | Lair:3   | Found a staircase to the Shoals.
 11466 | Lair:3   | Noticed a seven-headed hydra
 11476 | Lair:3   | Reached skill level 10 in Armour
 11491 | Lair:3   | Killed a two-headed hydra
 11491 | Lair:3   | Reached XP level 12. HP: 68/116 MP: 11/11
 11714 | Lair:3   | Noticed Sonja
 11945 | Lair:3   | Reached skill level 14 in Fighting
 12046 | Lair:3   | Killed Sonja
 12046 | Lair:3   | Received a gift from Trog
 12047 | Lair:3   | Got an ancient war axe {god gift}
 12048 | Lair:3   | Identified the +1 war axe "Emeroffae" {speed, rF+} (Trog gifted it to you on level 3 of the Lair of Beasts)
 12707 | Lair:3   | Noticed Snorg
 12717 | Lair:3   | Killed Snorg
 13094 | Lair:4   | Noticed a seven-headed hydra
 13265 | Lair:4   | Killed a five-headed hydra
 13470 | Lair:4   | Reached skill level 10 in Dodging
 14023 | Lair:4   | Found the +10 dark maul {crush}
 14525 | Lair:4   | Reached skill level 15 in Fighting
 14905 | Lair:4   | Reached skill level 10 in Shields
 15082 | Lair:4   | Found an ornate altar of the Wu Jian Council.
 15276 | Lair:5   | Reached XP level 13. HP: 105/127 MP: 12/12
 15459 | Lair:5   | Found a frozen archway.
 15578 | Lair:5   | Found a labyrinth entrance.
 15655 | Lab      | Entered a labyrinth
 15818 | Lab      | Noticed a minotaur
 15828 | Lab      | Killed a minotaur
 15831 | Lab      | Got fine fire dragon scales
 15847 | Lab      | Identified the +8 fire dragon scales of Card Tricks {rF++ rC- rN+ rCorr} (You took it off a minotaur in a labyrinth)
 16127 | Lair:5   | Noticed Kirke
 16149 | Lair:5   | Killed Kirke
 16309 | Lair:5   | Reached skill level 16 in Fighting
 16762 | Lair:6   | Entered Level 6 of the Lair of Beasts
 17694 | Lair:6   | Found a staircase to the Slime Pits.
 17964 | Lair:6   | Received a gift from Trog
 18228 | Lair:6   | Reached XP level 14. HP: 130/138 MP: 13/13
 20038 | D:10     | Received a gift from Trog
 20496 | D:11     | Found a sacrificial altar of Ru.
 20588 | D:11     | Reached skill level 17 in Fighting
 20964 | D:11     | Found a staircase to the Orcish Mines.
 21193 | D:11     | Identified a scroll of acquirement
 21194 | D:11     | Got a pair of faintly humming boots
 21200 | D:11     | Identified the +2 pair of boots of Untruth {Int+2} (You acquired it on level 11 of the Dungeon)
 21203 | Orc:1    | Entered Level 1 of the Orcish Mines
 21289 | Orc:1    | Found a roughly hewn altar of Beogh.
 21408 | Orc:1    | Received a gift from Trog
 21448 | Orc:1    | Noticed a stone giant
 21461 | Orc:1    | Killed a stone giant
 21732 | Orc:2    | Entered Level 2 of the Orcish Mines
 21732 | Orc:2    | Found a staircase to the Elven Halls.
 22517 | Orc:2    | Noticed an orc warlord
 22536 | Orc:2    | Killed an orc warlord
 22664 | Orc:2    | Found Cewophor's Distillery.
 22735 | Orc:2    | Found Inurony's Book Emporium.
 22778 | Orc:2    | Found a radiant altar of Vehumet.
 22779 | Orc:2    | Noticed Erolcha
 22847 | Orc:2    | Killed Erolcha
 22847 | Orc:2    | Reached XP level 15. HP: 147/147 MP: 14/14
 22854 | Orc:2    | Found Ditaelli's Antique Weapon Emporium.
 22877 | Orc:2    | Noticed Nergalle
 22889 | Orc:2    | Killed Nergalle
 22901 | Orc:2    | Found a roughly hewn altar of Beogh.
 22901 | Orc:2    | Found Bugget's Distillery.
 23017 | Orc:2    | Found an ancient bone altar of Kikubaaqudgha.
 23504 | D:12     | Received a gift from Trog
 24039 | D:13     | Found a gate to the Vaults.
 24039 | D:13     | Noticed Urug
 24052 | D:13     | Killed Urug
 24493 | D:13     | Received a gift from Trog
 25403 | D:14     | Reached skill level 15 in Axes
 25433 | D:14     | Reached skill level 18 in Fighting
 26083 | D:14     | Reached ****** piety under Trog
 26087 | D:14     | Received a gift from Trog
 26347 | D:15     | Entered Level 15 of the Dungeon
 26368 | D:15     | Reached skill level 15 in Armour
 26597 | D:15     | Found a staircase to the Depths.
 26929 | D:15     | Reached XP level 16. HP: 149/158 MP: 15/15
 27070 | D:15     | Got a smoking chain mail
 27081 | D:15     | Identified the +4 chain mail of a Thousand Stars {*Corrode rPois Dex+4} (You found it on level 15 of the Dungeon)
 27379 | D:15     | Received a gift from Trog
 27632 | D:15     | Found Icumaseq's Book Shop.
 27884 | Shoals:1 | Entered Level 1 of the Shoals
 28096 | Shoals:1 | Noticed Josephine
 28105 | Shoals:1 | Killed Josephine
 28105 | Shoals:1 | Reached skill level 1 in Evocations
 28967 | Shoals:1 | Noticed Aizul
 28990 | Shoals:1 | Killed Aizul
 29804 | Shoals:2 | Noticed Peloso's ghost (adept MiFi)
 29828 | Shoals:2 | Killed Peloso's ghost
 30080 | Shoals:2 | Got a warped chain mail
 30091 | Shoals:2 | Identified the cursed +0 chain mail "Olla" {-Cast rPois MR++ rCorr} (You found it on level 2 of the Shoals)
 30489 | Shoals:2 | Found a sacrificial altar of Ru.
 30494 | Shoals:2 | Noticed a kraken
 30724 | Shoals:2 | Killed a kraken
 30724 | Shoals:2 | Received a gift from Trog
 30724 | Shoals:2 | Reached skill level 5 in Evocations
 30948 | Shoals:2 | Reached skill level 19 in Fighting
 31194 | Shoals:2 | Reached skill level 15 in Dodging
 32259 | Shoals:3 | Reached XP level 17. HP: 166/168 MP: 20/20
 32878 | Shoals:4 | Entered Level 4 of the Shoals
 33374 | Shoals:4 | Noticed Ilsuiw
 34111 | Shoals:4 | Received a gift from Trog
 34165 | Shoals:3 | Killed Ilsuiw
 36954 | Shoals:4 | Got a barnacled rune of Zot
 37085 | Spider:1 | Entered Level 1 of the Spider Nest
 37923 | Spider:1 | Reached skill level 20 in Fighting
 38918 | Spider:2 | Reached XP level 18. HP: 157/178 MP: 22/22
 39576 | Spider:3 | Noticed Schimscham's ghost (adept MiBe)
 39591 | Spider:3 | Paralysed by a hornet for 1 turns
 39599 | Spider:3 | Killed Schimscham's ghost
 40482 | Spider:4 | Entered Level 4 of the Spider Nest
 40521 | Spider:4 | Noticed Bai Suzhen
 40801 | Spider:3 | Killed Bai Suzhen
 41826 | Spider:4 | Received a gift from Trog
 43351 | Spider:4 | Got a gossamer rune of Zot
 43915 | Vaults:1 | Entered Level 1 of the Vaults
 44440 | Vaults:1 | Reached XP level 19. HP: 176/188 MP: 25/25
 44498 | Vaults:1 | Reached skill level 21 in Fighting
 44499 | Vaults:1 | Received a gift from Trog
 44848 | Vaults:1 | Reached skill level 10 in Evocations
 46167 | Vaults:2 | Received a gift from Trog
 46620 | Vaults:2 | Noticed Jorgrun
 46631 | Vaults:2 | Killed Jorgrun
 46979 | Vaults:2 | Found a staircase to the Crypt.
 46999 | Vaults:2 | Paralysed by a vampire knight for 2 turns
 47325 | Vaults:2 | Received a gift from Trog
 47976 | Vaults:3 | Reached XP level 20. HP: 198/198 MP: 26/26
 48354 | Vaults:3 | Received a gift from Trog
 49945 | Vaults:4 | Received a gift from Trog
 50064 | Vaults:4 | Paralysed by an ogre mage for 4 turns
 50964 | Vaults:4 | Received a gift from Trog
 50989 | Vaults:4 | Reached skill level 22 in Fighting
 51497 | Vaults:5 | Entered Level 5 of the Vaults
 51544 | Vaults:4 | Reached XP level 21. HP: 134/207 MP: 27/27
 51701 | Vaults:4 | Reached skill level 15 in Shields
 51714 | Vaults:5 | Noticed TheWayOfAllFlesh's ghost (adept GnWn)
 51888 | Vaults:5 | Received a gift from Trog
 52133 | Vaults:5 | Noticed a golden dragon
 52406 | Vaults:5 | Killed a golden dragon
 53561 | Vaults:5 | Received a gift from Trog
 53567 | Vaults:5 | Noticed a golden dragon
 54418 | Vaults:4 | Killed a golden dragon
 54705 | Vaults:5 | Reached XP level 22. HP: 217/217 MP: 28/28
 54871 | Vaults:5 | Reached skill level 23 in Fighting
 54942 | Vaults:5 | Received a gift from Trog
 54953 | Vaults:5 | Noticed a golden dragon
 54967 | Vaults:4 | Killed a golden dragon
 55405 | Vaults:5 | Killed TheWayOfAllFlesh's ghost
 55614 | Vaults:5 | Got a silver rune of Zot
 55880 | Vaults:5 | Killed from afar by a tengu reaver

Skill      XL: |  1  2  3  4  5  6  7  8  9 10 11 12 13 14 15 16 17 18 19 20 21 22 |
---------------+-------------------------------------------------------------------+-----
Fighting       | 4 5 6 7 9 10 12 13 15 16 17 18 19 20 21 22 23 | 23.2
Axes           | 4 5 6 7 8 9 10 11 12 14 15 16 17 18 19 | 19.5
Armour         | 3 4 5 6 7 8 10 11 12 14 15 16 17 18 19 20 21 | 21.2
Dodging        | 3 4 5 7 8 9 10 11 13 14 15 16 17 18 19 | 19.8
Shields        | 1 3 5 7 8 10 12 14 15 | 15.0
Evocations     | 6 7 9 10 | 10.0

Action                   |  1- 3 |  4- 6 |  7- 9 | 10-12 | 13-15 | 16-18 | 19-21 | 22-24 || total
-------------------------+-------+-------+-------+-------+-------+-------+-------+-------++-------
Melee: Hand axe          |    36 |       |   126 |   505 |       |       |       |       ||   667
       Headbutt          |    11 |     8 |    63 |   190 |   410 |   599 |   465 |    19 ||  1765
       War axe           |    44 |    48 |   170 |   160 |  1289 |  1956 |  1209 |       ||  4876
       Scimitar          |       |       |       |    33 |    63 |       |       |       ||    96
       Executioner's axe |       |       |       |       |       |       |   162 |   101 ||   263
Invok: Berserk           |       |     1 |     7 |     9 |    13 |    16 |    22 |     3 ||    71
       Trog's Hand       |       |     1 |     5 |     5 |     9 |    17 |    21 |       ||    58
       Burn Spellbooks   |       |       |       |       |     2 |     1 |       |       ||     3
       Brothers in Arms  |       |       |       |       |     2 |     1 |       |       ||     3
 Abil: Evoke Flight      |       |       |       |       |       |    24 |       |       ||    24
       Stop Flying       |       |       |       |       |       |     8 |       |       ||     8
Evoke: Wand              |       |       |       |     1 |       |     1 |       |       ||     2
  Use: Scroll            |       |     7 |    14 |     4 |    10 |     7 |    21 |       ||    63
       Potion            |       |       |     1 |     1 |     1 |     1 |     3 |     1 ||     8
 Stab: Petrifying        |       |       |       |       |     1 |       |       |       ||     1
       Petrified         |       |       |       |       |     1 |       |       |       ||     1
       Distracted        |       |       |       |       |       |       |       |     1 ||     1
  Eat: Chunk             |    11 |     2 |    36 |    52 |    63 |    74 |    62 |     6 ||   306
       Ration            |       |       |     1 |       |       |       |     1 |     1 ||     3
Armor: Animal skin       |     4 |       |       |       |       |       |       |       ||     4
       Ring mail         |    17 |    11 |    10 |       |       |       |       |       ||    38
       Plate armour      |       |       |   155 |   281 |   119 |       |       |       ||   555
       Fire dragon scale |       |       |       |     1 |   337 |   791 |   500 |       ||  1629
       Skin              |       |       |       |       |     1 |       |       |       ||     1
       Gold dragon scale |       |       |       |       |       |       |    22 |    90 ||   112
Dodge: Dodged            |    65 |    27 |   122 |   302 |   582 |  1256 |   660 |   104 ||  3118
Block: Buckler           |       |       |    43 |   176 |   257 |   410 |    28 |       ||   914
       Shield            |       |       |       |       |       |       |   367 |       ||   367
       Large shield      |       |       |       |       |       |       |   110 |       ||   110
       Rpst.: Scimitar   |       |       |       |     4 |    16 |       |       |       ||    20
